 Dungeon Crawl Stone Soup version 0.28-a0-1190-g77e1c55843 (webtiles) character file.

Game seed: 6677169827112346432

329 Conn the Sneak (level 6, -10/37 HPs)
             Began as an Octopode Fire Elementalist on Dec 18, 2021.
             Killed from afar by Ijyb (47 damage)
             ... with a bolt of acid
             ... on level 4 of the Dungeon.
             The game lasted 00:10:20 (3606 turns).

Conn the Sneak (Octopode Fire Elementalist)         Turns: 3606, Time: 00:10:20

Health: -10/37     AC:  1    Str:  7    XL:     6   Next: 50%
Magic:  10/10      EV: 13    Int: 20    God:
Gold:   108        SH:  0    Dex: 12    Spells: 7/11 levels left

rFire   . . .      SeeInvis .   c - +0 dagger (distort)
rCold   . . .      Faith    .   (no shield)
rNeg    . . .      Spirit   .   (helmet restricted)
rPois   .          Reflect  .   (no amulet)
rElec   .          Harm     .   h - ring of wizardry
rCorr   .          Rampage  .   (no ring)
Will    .....                   (no ring)
Stlth   ++++......              (no ring)
HPRegen 0.12/turn               (no ring)
MPRegen 0.12/turn               (no ring)
                                (no ring)
                                (no ring)

@: no status effects
A: almost no armour, amphibious, 8 rings, camouflage 1, gelatinous body 1,
(nimble swimmer 1), tentacles
a: no special abilities


You were on level 4 of the Dungeon.
You visited 2 branches of the dungeon, and saw 5 of its levels.

You collected 108 gold pieces.

Inventory:

Hand Weapons
 b - a +0 dagger
 c - a +0 dagger of distortion (weapon)
Missiles
 f - 6 datura-tipped darts
Armour
 p - a +0 buckler
Jewellery
 h - a ring of wizardry (left tentacle)
Wands
 q - a wand of charming (1)
Scrolls
 e - 2 scrolls of fear {unknown}
 j - a scroll of identify {unknown}
 m - 2 scrolls of teleportation {unknown}
 n - a scroll of vulnerability {unknown}
 o - 2 scrolls of enchant weapon {unknown}
 t - a scroll of noise {unknown}
Potions
 a - 2 potions of curing {unknown}
 d - a potion of magic {unknown}
 g - a potion of degeneration {unknown}
 i - a potion of ambrosia {unknown}
 k - a potion of mutation {unknown}
 l - a potion of haste {unknown}
 r - a potion of berserk rage {unknown}
 s - a potion of flight {unknown}
 u - a potion of lignification {unknown}


   Skills:
 + Level 0.9 Fighting
 + Level 2.1 Short Blades
 + Level 2.3 Dodging
 + Level 5.5 Stealth
 + Level 3.3 Spellcasting
 + Level 2.0 Conjurations
 + Level 3.9 Fire Magic
 + Level 0.1 Evocations


You had 7 spell levels left.
You knew the following spells:

 Your Spells              Type           Power      Damage    Failure   Level
a - Foxfire               Conj/Fire      60%        2x1d7     1%          1
b - Conjure Flame         Conj/Fire      15%        6-21      4%          3

Your spell library contained the following spells:

 Spells                   Type           Power      Damage    Failure   Level
 Scorch                   Fire           38%        2d7       1%          2
 Inner Flame              Hex/Fire       11%        N/A       8%          3
 Flame Wave               Conj/Fire      15%        2d5       16%         4


Dungeon Overview and Level Annotations

Branches:
Dungeon (4/15)             Temple (1/1) D:4

Altars:
Ashenzari
Dithmenos
Hepliaklqana
Kikubaaqudgha
Nemelex Xobeh
Qazlal
Trog
Vehumet
Wu Jian
Zin
Lugonu

Shops:
D:3 ==

Annotations:
D:4 Ijyb


Innate Abilities, Weirdness & Mutations

You cannot wear most types of armour.
You are amphibious.
You can wear up to eight rings at the same time.
Your skin changes colour to match your surroundings (Stealth+).
Your rubbery body absorbs attacks. (AC +1, EV +1)
((You are camouflaged near water. (Stealth+)))
You have tentacles for arms and can constrict up to eight enemies at once.


Message History

g - Guard the area. f - Follow me.
Anything else - Cancel.
Retreat in which direction?
Press: ? - help, Dir - move target, p - Ijyb Fall back!
Found 36 gold pieces.
Found 29 gold pieces.
Found 35 gold pieces.
Found a fuming blue potion and a whip.
u - a fuming blue potion You start resting.
Magic restored.
You start resting.
Ijyb is nearby!
Casting: Foxfire (safe; 1% risk of failure)
Confirm with . or Enter, or press ? or * to list all spells.
Okay, then.
Unknown command.
Unknown command.
Unknown command.
Okay, then.
Unknown command.
Unknown command.
Unknown command.
Unknown command.
Ijyb shouts!
You hit Ijyb but do no damage. Your grab misses Ijyb.
Ijyb blinks!
This spell is dangerous to cast!
Memorise Conjure Flame, consuming 3 spell levels and leaving 7?
You start memorising the spell.
You continue memorising. x3
You finish memorising.
Spell assigned to 'b'.
This spell is dangerous to cast!
Memorise Inner Flame, consuming 3 spell levels and leaving 4?
You start memorising the spell.
You continue memorising.
Ijyb misses you.
You continue memorising.
Ijyb zaps a wand.
Your memorisation is interrupted.
The bolt of acid hits you!!!
Ouch! That really hurt!
You die...

.............
............. ..#
####..###.###
#..# #..#.#.#.#.#
...#
#..#.#.#.#.###..#
#........... ...#
#........... ...#
#..###.###.###g.#
#..#.#...#.#.@..#
#..#.#.###.###.##
#..............#
#...############
#####


You could see Ijyb.

Vanquished Creatures
  A gnoll (D:1)
  4 adders
  A worm (D:3)
  4 dart slugs
  6 ball pythons
  9 bats
  9 endoplasms
  6 giant cockroaches
  2 goblins
  4 hobgoblins
  13 jackals
  2 quokkas
  11 frilled lizards
  9 kobolds
  9 rats
90 creatures vanquished.

Vanquished Creatures (collateral kills)
  A sky beast (D:4)
  An ogre (D:4)
  4 foxfires
6 creatures vanquished.

Vanquished Creatures (others)
  185 foxfires
  A fungus (D:4)
  8 plants (D:2)
  3 toadstools (D:4)
197 creatures vanquished.

Grand Total: 293 creatures vanquished

Notes
Turn   | Place    | Note
-------+----------+-------------------------------------------
     0 | D:1      | Conn the Octopode Fire Elementalist began the quest for the
                  | Orb.
     0 | D:1      | Reached XP level 1. HP: 11/11 MP: 3/3
    79 | D:1      | Reached XP level 2. HP: 3/17 MP: 0/5
   392 | D:1      | Reached XP level 3. HP: 12/21 MP: 0/6
   453 | D:1      | HP: 1/21 [giant cockroach (1)]
   737 | D:1      | Reached skill level 3 in Stealth
  1181 | D:2      | Reached skill level 1 in Short Blades
  1181 | D:2      | Reached XP level 4. HP: 27/27 MP: 0/8
  2064 | D:3      | Found a glowing silver altar of Zin.
  2283 | D:3      | Reached skill level 4 in Stealth
  2298 | D:3      | Found Qonasior's Jewellery Shop.
  2391 | D:3      | Reached XP level 5. HP: 32/32 MP: 9/9
  2510 | D:3      | Found a faded altar of an unknown god.
  2714 | D:3      | Found Fam Pome's Jewellery Boutique.
  3023 | D:4      | Noticed an ogre
  3023 | D:4      | Noticed a sky beast
  3035 | D:4      | Killed an ogre
  3036 | D:4      | Reached skill level 5 in Stealth
  3036 | D:4      | Reached XP level 6. HP: 37/37 MP: 4/10
  3144 | D:4      | Found a staircase to the Ecumenical Temple.
  3155 | Temple   | Entered the Ecumenical Temple
  3338 | D:4      | Noticed Ijyb
  3344 | D:4      | Killed a sky beast
  3604 | D:4      | Learned a level 3 spell: Conjure Flame
  3606 | D:4      | Killed from afar by Ijyb

Illustrated notes

Levels and vault maps discovered:
D:1:      dpeg_arrival_simpleton_c, layout_basic, minmay_heptomino_l4
D:2:      layout_basic, serial_bayou_ford_a, minmay_lizard_king
D:3:      layout_basic, mainiacjoe_overflow_boulevard, serial_shops,
          shop_statue, nicolae_shop_hallway_stairs,
          shapermc_ecumenical_altar_mp_urbaneastern, minmay_splitting_lines
D:4:      layout_rooms, temple_pool_b, kennysheep_nub, roderic_batcave,
          minmay_misc_feat_nine_boxes, minmay_gold_behind_fungi,
          grunt_ministairs_10, minmay_between, uniq_ijyb
Temple:   kb_corrupted_temple

Skill      XL: |  1  2  3  4  5  6 |
---------------+-------------------+-----
Stealth        | 3 4 5 |  5.5
Short Blades   | 1 2 |  2.1
Spellcasting   | 3 |  3.3
Conjurations   | 2 |  2.0
Fighting       | |  0.9
Dodging        | |  2.3
Fire Magic     | |  3.9
Evocations     | |  0.1

Action                   |  1- 3 |  4- 6 || total
-------------------------+-------+-------++-------
Melee: Dagger            |    29 |    48 ||    77
       Constrict         |     9 |    12 ||    21
       Tentacles         |     5 |     6 ||    11
 Cast: Foxfire           |    37 |    77 ||   114
Evoke: Wand              |       |     2 ||     2
 Stab: Sleeping          |     5 |     7 ||    12
Armor: Skin              |     2 |     1 ||     3
Dodge: Dodged            |    24 |    29 ||    53

Table legend: (Time is in decaauts)
 A = Elapsed time spent in this place.
 B = Non-inter-level travel time spent in this place.
 C = Inter-level travel time spent in this place.
 D = Time resting spent in this place.
 E = Time spent auto-exploring this place.
 F = Levels seen in this place.
 G = Mean time per level.
                   A        B        C        D        E       F      G
               +--------+--------+--------+--------+--------+-----+--------+
         Total |   3601 |   3535 |     66 |    275 |   2236 |   5 |  720.2 |
       Dungeon |   3478 |   3422 |     56 |    275 |   2168 |   4 |  869.5 |
        Temple |    122 |    112 |     10 |      0 |     68 |   1 |  122.0 |
               +--------+--------+--------+--------+--------+-----+--------+

Top non-repeatable levels by time:
     D:1: 1155 daAuts
     D:3: 1052 daAuts
     D:2: 890 daAuts
     D:4: 380 daAuts
  Temple: 122 daAuts
